 Dungeon Crawl Stone Soup version 0.30-a0-702-gdf48620a09 (webtiles) character file.

Game seed: 7200912683749267296

716 Leeroy the Carver (level 7, 0/40 HPs)
             Began as a Tengu Warper on Jan 21, 2023.
             Slain by an ogre
             ... wielding a +0 giant club
              (18 damage)
             ... on level 6 of the Dungeon.
             The game lasted 00:06:13 (4202 turns).

Leeroy the Carver (Tengu Warper)                    Turns: 4202, Time: 00:06:14

Health: 0/40       AC:  7    Str: 12    XL:     7   Next: 69%
Magic:  9/12       EV: 14    Int: 13    God:
Gold:   252        SH:  0    Dex: 15    Spells: 7/12 levels left

rFire   + . .      SeeInvis .    w - +6 rapier (venom)
rCold   . . .      Faith    .    (no shield)
rNeg    . . .      Spirit   .    x - +2 leather armour {rF+}
rPois   .          Reflect  .    (helmet restricted)
rElec   .          Harm     .    q - +0 cloak
rCorr   .          Rampage  .    e - +0 pair of gloves
Will    +....                    (boots unavailable)
Stlth   +                        (no amulet)
HPRegen 0.26/turn                o - ring of willpower
MPRegen 0.13/turn                (no ring)

@: flying quickly and evasively, quick
A: beak, talons 3, nimble flight
a: no special abilities


You were on level 6 of the Dungeon.
You visited 1 branch of the dungeon, and saw 7 of its levels.

You collected 356 gold pieces.
You spent 104 gold pieces at shops.

Inventory:

Hand Weapons
 a - a +0 falchion
 l - a +1 hand axe of flaming
 w - a +6 rapier of venom (weapon)
Missiles
 d - 7 boomerangs of dispersal
 n - 3 throwing nets (quivered)
Armour
 b - a +0 leather armour
 e - a +0 pair of gloves (worn)
 q - a +0 cloak (worn)
 x - a +2 leather armour of fire resistance (worn)
Jewellery
 o - a ring of willpower (left hand)
Wands
 v - a wand of flame (20)
 y - a wand of polymorph (8)
Scrolls
 f - 3 scrolls of enchant weapon
 g - 2 scrolls of enchant armour
 k - 2 scrolls of vulnerability
 p - a scroll of brand weapon
 r - 2 scrolls of fear
 s - 2 scrolls of teleportation {unknown}
 u - a scroll of fog {unknown}
Potions
 h - 2 potions of cancellation
 i - a potion of flight
 j - 3 potions of might
 m - a potion of curing {unknown}
 t - a potion of haste {unknown}


   Skills:
 - Level 2.0 Fighting
 - Level 8.1 Long Blades
 - Level 1.0 Throwing
 - Level 1.1 Armour
 - Level 2.1 Dodging
 * Level 3.1 Spellcasting
 - Level 2.4 Translocations
 * Level 3.2 Air Magic
 - Level 0.6 Evocations


You had 7 spell levels left.
You knew the following spells:

 Your Spells              Type           Power      Damage    Failure   Level
a - Blink                 Tloc           16%        N/A       16%         2
b - Vhi's Electric Charg  Tloc/Air       18%        N/A       26%         3

Your spell library contained the following spells:

 Spells                   Type           Power      Damage    Failure   Level
 Lesser Beckoning         Tloc           16%        N/A       16%         2
 Sandblast                Erth           4%         2d4       28%         1
 Teleport Other           Tloc           8%         N/A       32%         3
 Passwall                 Tmut/Erth      1%         N/A       41%         2
 Sublimation of Blood     Necr           2%         N/A       41%         2
 Portal Projectile        Hex/Tloc       10%        N/A       47%         3
 Stone Arrow              Conj/Erth      4%         3d7       65%         3
 Tukima's Dance           Hex            2%         N/A       65%         3
 Manifold Assault         Tloc           8%         N/A       71%         4
 Animate Armour           Summ/Erth      4%         N/A       96%         4
 Animate Dead             Necr           2%         N/A       96%         4
 Petrify                  Tmut/Erth      2%         N/A       96%         4
 Blade Hands              Tmut           1%         N/A       100%        5
 Borgnjor's Vile Clutch   Necr/Erth      1%         N/A       100%        5
 Irradiate                Conj/Tmut      1%         3d12      100%        5
 Death Channel            Necr           1%         N/A       100%        6
 Lehudib's Crystal Spear  Conj/Erth      1%         10d2      100%        8


Dungeon Overview and Level Annotations

Branches:
Dungeon (7/15)
 Temple: D:4-7

Altars:
Dithmenos
Kikubaaqudgha

Shops:
D:1 *   D:5 ?   D:7 !

Annotations:
D:5 1 runed translucent door, Crazy Yiuf, Sigmund


Innate Abilities, Weirdness & Mutations

You have a beak for a mouth.
You have claws for feet.
Your magical nature lets you fly swiftly and evasively.


Message History

The howler monkey is severely wounded.
You kill the howler monkey!
A shadow imp comes into view.
Your Spellcasting skill increases to level 3!
Your Air Magic skill increases to level 3!
There is a stone staircase leading down here.
You fly downwards.
You hear the roar of battle.
There is an entrance to a bailey on this level.
Hurry and find it before the portal closes forever!
The orc warrior shouts!
The orc shouts! x2; You hear an angry hiss.
Found Wurhodd's Distillery.
There is a stone staircase leading up here.
Blink to where?
Press: ? - help, Dir - move target A water moccasin comes into view.
As you read the scroll of blinking, it crumbles to dust.
Found a stone staircase leading up.
There is a stone staircase leading up here.
You fly upwards.
There is a stone staircase leading down here.
HP restored.
Found an escape hatch in the ceiling.
r - 2 scrolls of fear (gained 1)
Found a chain mail.
Cast which spell? (? or * to list)
The spell is quite dangerous to miscast (26% risk of failure)!
Continue anyway?
Charge where?
Press: ? - help, Dir - move target, f - ogre
Aim: an ogre, wielding a +0 giant club (94% to hit)
You charge forward with an electric crackle!
You puncture the ogre and electrocute it!
You claw the ogre!
The ogre is severely wounded.
The ogre hits you with a +0 giant club!!
Ouch! That really hurt!
You hit the ogre.
The ogre is poisoned.
The ogre is almost dead.
A hound comes into view.
The ogre hits you with a +0 giant club!!
You die...

#....#.#.........#
.....####...........
##.#...#........##.
#..........###.... .
###.......## #...#. .......
#........###..####.......
#.##.......#...#..........
.. #....[...#.............#
#. ##.......°°@O.........##
. #.........##.#...........
###......#####.#......).#
##h...###....>........##
......###....O.........#.
........#......J.#.......#
.........#.......##......##
.5...##. ##.5....l....# .#
##..####....# ...


You could see an ogre (very poisoned) and a hound (wandering).

Vanquished Creatures
  Eustachio (D:4)
  An ogre (D:4)
  A necrophage (D:5)
  A scorpion (D:5)
  A howler monkey (D:6)
  3 hounds
  2 iguanas
  5 gnolls
  5 adders
  3 worms
  4 dart slugs
  2 orcs (D:3)
  8 endoplasms
  3 giant cockroaches (D:2)
  7 goblins
  7 hobgoblins
  8 jackals
  8 kobolds
  2 quokkas
  6 ball pythons
  4 bats
  5 frilled lizards
  3 rats
90 creatures vanquished.

Vanquished Creatures (others)
  7 plants (D:2)
7 creatures vanquished.

Grand Total: 97 creatures vanquished

Notes
Turn   | Place    | Note
-------+----------+-------------------------------------------
     0 | D:1      | Leeroy the Tengu Warper began the quest for the Orb.
     0 | D:1      | Reached XP level 1. HP: 12/12 MP: 4/4
   135 | D:1      | Reached skill level 3 in Long Blades
   135 | D:1      | Reached XP level 2. HP: 16/17 MP: 6/6
   336 | D:1      | Found Jiene's General Store.
   430 | D:1      | Reached XP level 3. HP: 19/21 MP: 7/7
   822 | D:2      | Reached skill level 4 in Long Blades
  1810 | D:3      | Reached XP level 4. HP: 26/26 MP: 8/8
  1898 | D:3      | Reached skill level 5 in Long Blades
  1947 | D:3      | Learned a level 2 spell: Blink
  1951 | D:3      | Learned a level 3 spell: Vhi's Electric Charge
  2045 | D:1      | Bought a scroll of brand weapon for 104 gold pieces
  2146 | D:3      | Found a faded altar of an unknown god.
  2308 | D:3      | Gained mutation: Your magical nature lets you fly swiftly
                  | and evasively. [Tengu growth]
  2308 | D:3      | Reached XP level 5. HP: 20/30 MP: 9/9
  2610 | D:4      | Noticed Eustachio
  2754 | D:4      | Reached skill level 6 in Long Blades
  3267 | D:4      | Reached XP level 6. HP: 28/35 MP: 10/10
  3397 | D:4      | Reached skill level 7 in Long Blades
  3537 | D:4      | Killed Eustachio
  3538 | D:4      | Reached skill level 8 in Long Blades
  3538 | D:4      | Reached XP level 7. HP: 12/40 MP: 11/11
  3671 | D:5      | Entered Level 5 of the Dungeon
  3715 | D:5      | Found Himur's Magic Scroll Emporium.
  3777 | D:5      | Found a runed translucent door.
  3778 | D:5      | Noticed Crazy Yiuf
  3865 | D:5      | Reached skill level 1 in Air Magic
  3966 | D:5      | Found a shadowy altar of Dithmenos.
  3969 | D:5      | Noticed a steam dragon
  3972 | D:5      | Noticed Sigmund
  4057 | D:6      | Found an ancient bone altar of Kikubaaqudgha.
  4084 | D:7      | Found Wurhodd's Distillery.
  4202 | D:6      | Slain by an ogre

Illustrated notes

Levels and vault maps discovered:
D:1:      ncdulo_wetmaze, layout_rooms, serial_shops,
          nicolae_shop_temple_entry_statues_fountains
D:2:      layout_basic, serial_bayou_lagoon_b
D:3:      layout_rooms, hellmonk_ecumenical_altar_crossroads
D:4:      layout_loops_corners, uniq_eustachio
D:5:      layout_loops_ring, mainiacjoe_overflow_tiny_flanked, serial_shops,
          nicolae_inconvenience_store, uniq_pikel, uniq_crazy_yiuf_cottage,
          uniq_sigmund
D:6:      layout_cave_pools, old_standard_altar, minmay_ruined_shrine
D:7:      old_forge, layout_rooms, grunt_temple_overflow_lords_of_destruction,
          minmay_temple_entry_tees, serial_shops, shop, enter_bailey_4,
          uniq_joseph

Skill      XL: |  1  2  3  4  5  6  7 |
---------------+----------------------+-----
Long Blades    | 3 4 5 6 8 |  8.1
Air Magic      | 3 |  3.2
Spellcasting   | 3 |  3.1
Fighting       | |  2.0
Throwing       | |  1.0
Armour         | |  1.1
Dodging        | |  2.1
Translocations | |  2.4
Evocations     | |  0.6

Action                   |  1- 3 |  4- 6 |  7- 9 || total
-------------------------+-------+-------+-------++-------
Melee: Falchion          |   113 |   126 |       ||   239
       Peck              |    14 |    26 |     3 ||    43
       Kick              |    21 |    33 |    10 ||    64
       Rapier            |       |       |    24 ||    24
Throw: Throwing net      |       |     3 |     1 ||     4
 Cast: Vhi's Electric Ch |       |       |     1 ||     1
Evoke: Wand              |       |     5 |       ||     5
  Use: Scroll            |       |     8 |     1 ||     9
 Stab: Sleeping          |       |     1 |       ||     1
       Held in net/web   |       |     2 |       ||     2
Armor: Leather armour    |    36 |    25 |     6 ||    67
Dodge: Dodged            |    80 |    67 |    13 ||   160

Table legend: (Time is in decaauts)
 A = Elapsed time spent in this place.
 B = Non-inter-level travel time spent in this place.
 C = Inter-level travel time spent in this place.
 D = Time resting spent in this place.
 E = Time spent auto-exploring this place.
 F = Levels seen in this place.
 G = Mean time per level.
                   A        B        C        D        E       F      G
               +--------+--------+--------+--------+--------+-----+--------+
         Total |   4106 |   3875 |    231 |     80 |   2943 |   7 |  586.6 |
       Dungeon |   4106 |   3875 |    231 |     80 |   2943 |   7 |  586.6 |
               +--------+--------+--------+--------+--------+-----+--------+

Top non-repeatable levels by time:
     D:2: 1192 daAuts
     D:4: 1037 daAuts
     D:1: 759 daAuts
     D:3: 629 daAuts
     D:5: 334 daAuts
     D:6: 134 daAuts
     D:7: 19 daAuts
